 Dungeon Crawl Stone Soup version 0.28.0-53-g5a82cb258f (webtiles) character file.

Game seed: 579503296915769932

13096 Erymatos the Fighter (level 11, 0/103 (107) HPs)
             Began as a Minotaur Berserker on June 8, 2022.
             Was a Priest of Trog.
             Slain by a lich (8 damage)
             ... on level 10 of the Dungeon.
             The game lasted 00:21:41 (10305 turns).

Erymatos the Fighter (Minotaur Berserker)          Turns: 10305, Time: 00:22:11

HP:   0/103 (107)   AC:  7    Str: 29    XL:     11   Next: 71%
MP:   0/10          EV: 16    Int:  4    God:    Trog [***...]
Gold: 795           SH: 10    Dex: 15    Spells: 10/10 levels left

rFire   . . .      SeeInvis .   x - +6 flail of Enanir {vamp, Will++ Str+4 Dex+4}
rCold   . . .      Faith    .   L - +0 kite shield
rNeg    + . .      Spirit   +   F - +0 steam dragon scales
rPois   .          Reflect  .   (helmet restricted)
rElec   .          Harm     .   (no cloak)
rCorr   .          Rampage  .   (no gloves)
Will    +++++                   (no boots)
Stlth   +.........              l - amulet of guardian spirit
HPRegen 1.27/turn               e - ring of positive energy
MPRegen 0.12/turn               d - ring of willpower

@: strong-willed (expiring), on berserk cooldown, regenerating (expiring),
slowed, lightly drained, very slow
A: horns 2, retaliatory headbutt
a: Renounce Religion, Berserk, Trog's Hand


You were on level 10 of the Dungeon.
You worshipped Trog.
Trog was most pleased with you.
You visited 1 branch of the dungeon, and saw 10 of its levels.

You collected 847 gold pieces.
You spent 52 gold pieces at shops.

Inventory:

Hand Weapons
 x - the +6 flail of Enanir (weapon) {vamp, Will++ Str+4 Dex+4}
   (You took it off a hobgoblin on level 4 of the Dungeon)

   It occasionally heals its wielder for a portion of the damage dealt when it
   wounds a living foe.
   Str:       It affects your strength (+4).
   Dex:       It affects your dexterity (+4).
   Will:      It greatly increases your willpower.
Missiles
 J - 2 throwing nets (quivered)
Armour
 F - +0 steam dragon scales (worn)
 K - a +2 chain mail of cold resistance
 L - a +0 kite shield (worn)
 N - a +0 tower shield
Jewellery
 d - a ring of willpower (right hand)
 e - a ring of positive energy (left hand)
 k - a ring of resist corrosion
 l - an amulet of guardian spirit (around neck)
 w - a ring of protection from fire
 M - an amulet of regeneration
Wands
 s - a wand of mindburst (9)
 y - a wand of acid (8)
 I - a wand of digging (11)
Scrolls
 b - 2 scrolls of noise {unknown}
 c - a scroll of fear {unknown}
 f - 3 scrolls of immolation {unknown}
 h - a scroll of amnesia {unknown}
 j - 3 scrolls of blinking {unknown}
 n - 2 scrolls of teleportation {unknown}
 o - a scroll of holy word {unknown}
 t - a scroll of silence {unknown}
 v - a scroll of magic mapping {unknown}
 B - a scroll of brand weapon {unknown}
 C - a scroll of summoning {unknown}
 D - 3 scrolls of enchant weapon {unknown}
 E - 2 scrolls of vulnerability {unknown}
 H - 2 scrolls of fog {unknown}
Potions
 a - a potion of cancellation {unknown}
 g - 4 potions of curing
 i - a potion of magic
 m - 2 potions of degeneration
 p - 2 potions of brilliance
 r - 4 potions of attraction
 u - a potion of flight
 z - 4 potions of haste
 A - 2 potions of mutation {unknown}
 G - 3 potions of berserk rage {unknown}
Miscellaneous
 q - a box of beasts


   Skills:
 + Level 13.3 Fighting
 + Level 10.8 Axes
 + Level 9.6 Armour
 + Level 10.4 Dodging
 + Level 6.0 Shields


You had 10 spell levels left.
You didn't know any spells.
Your spell library was empty.

Dungeon Overview and Level Annotations

Branches:
Dungeon (10/15)            Temple (0/1) D:5             Orc (0/2) D:9
   Lair: D:8-11

Altars:
Gozag
Ru
Sif Muna
Vehumet
Wu Jian
Zin

Shops:
D:4 ?

Annotations:
D:10 1 runed translucent door, DearestLeader's ghost, journeyman GnWn


Innate Abilities, Weirdness & Mutations

You have a pair of horns on your head.
You reflexively headbutt those who attack you in melee.


Message History

The lich is heavily damaged.
The wavering orb of destruction hits you!!!
You block the lich's attack.
The necromancer mumbles some strange words.
The necromancer binds the souls of nearby monsters.
The lich touches you!
* * * LOW HITPOINT WARNING * * *
The necromancer casts a spell.
The necromancer binds the souls of nearby monsters.
You sock the lich! You headbutt the lich!
The lich is severely damaged.
The lich touches you.
* * * LOW HITPOINT WARNING * * *
You partially resist.
You feel drained.
The lich casts a spell.
The lich flickers and vanishes!
The necromancer mumbles some strange words.
The necromancer binds the souls of nearby monsters.
Something touches you but does no damage.
You closely miss something.
Something touches you but does no damage.
Something touches you!
* * * LOW HITPOINT WARNING * * *
You partially resist.
You feel drained.
Something touches you but does no damage.
You feel better.
A vampire appears from thin air!
Reactivating autopickup.
Something touches you but does no damage.
Deactivating autopickup; reactivate with Ctrl-A.
Something touches you.
* * * LOW HITPOINT WARNING * * *
You partially resist.
You feel drained.
Your skin crawls.
You feel strong-willed.
You feel the effects of Trog's Hand fading.
Something conjures a glowing orb.
The wavering orb of destruction weakly hits you!
* * * LOW HITPOINT WARNING * * *
Something touches you!
You die...

...#.................#...........
####.................#...........
...#.................#...........
...#.................'...........
...'.................#...........
...#.................#...........
...#.................#...........
...#.................#...........
####............@....#...........
...#....#+##...##{#..#...........
...#....#Lo#...#.W##.#...#...####
...#...##.♣#.⌠.#.♣p#.#...#.......
####...#..c#...#.{V#.#...#.......
...#...#.♣.##.##Wo##.#...#.......
...#...#...o###..♣#..#...#####...
...'...#.........##..#...#...####
...#...#.#8.8.8.8#...#...#...'...


You could see a yaktaur captain, a necromancer, a vampire and DearestLeader's
ghost.

Vanquished Creatures
  Harold (D:7)
  An ice dragon (shapeshifter) (D:10)
  4 two-headed ogres
  The ghost of Peloso the Carver, a novice MiFi (D:6)
  Pikel (D:8)
  An ugly thing (D:7)
  A cyclops (D:7)
  A manticore (D:7)
  An unseen horror (D:10)
  A komodo dragon (D:7)
  The ghost of Peloso the Slasher, an amateur MiFi of Okawaru (D:4)
  A hornet (D:7)
  2 slime creatures (D:7)
  A vampire (D:10)
  A wyvern (D:9)
  10 yaks
  A wraith (D:10)
  5 steam dragons
  2 water moccasins (D:7)
  2 sky beasts (D:7)
  3 ice beasts
  4 black bears
  A necrophage (D:7)
  2 orc warriors (D:9)
  An ogre (D:6)
  3 centaurs
  A lemure (D:8)
  2 phantoms
  2 bullfrogs
  2 gnoll sergeants (D:7)
  A scorpion (D:6)
  A water moccasin zombie (D:6)
  A water moccasin skeleton (D:7)
  5 killer bees (D:8)
  7 wights
  2 centaur zombies
  A bullfrog skeleton (D:4)
  2 hounds
  2 jellies
  6 orc priests
  A centaur skeleton (D:7)
  2 iguanas
  8 orc wizards
  Robin (D:2)
  3 gnolls (D:3)
  8 adders
  A shadow imp (D:6)
  2 white imps
  3 worms
  5 dart slugs
  20 orcs
  9 endoplasms
  2 giant cockroaches
  14 goblins
  10 hobgoblins
  3 jackals (D:4)
  6 kobolds
  A quokka (D:3)
  5 ball pythons
  8 bats
  2 frilled lizards
  5 rats
207 creatures vanquished.

Vanquished Creatures (others)
  An unseen horror (D:7)
1 creature vanquished.

Grand Total: 208 creatures vanquished

Notes
Turn   | Place    | Note
-------+----------+-------------------------------------------
     0 | D:1      | Erymatos the Minotaur Berserker began the quest for the
                  | Orb.
     0 | D:1      | Reached XP level 1. HP: 19/19 MP: 0/0
   493 | D:1      | Reached XP level 2. HP: 23/27 MP: 1/1
   994 | D:2      | Noticed Robin
   996 | D:2      | Reached skill level 4 in Fighting
  1003 | D:2      | Reached XP level 3. HP: 20/33 MP: 2/2
  1005 | D:2      | Killed Robin
  1294 | D:2      | Reached ** piety under Trog
  1689 | D:2      | Reached skill level 5 in Axes
  1810 | D:2      | Reached XP level 4. HP: 30/41 MP: 3/3
  2670 | D:3      | Reached XP level 5. HP: 47/47 MP: 4/4
  3091 | D:3      | Found a glowing silver altar of Zin.
  3409 | D:4      | Found Zutok's Magic Scroll Emporium.
  3409 | D:4      | Noticed a black bear
  3416 | D:4      | Killed a black bear
  3448 | D:4      | Bought a scroll of identify for 26 gold pieces
  3448 | D:4      | Bought a scroll of identify for 26 gold pieces
  3490 | D:4      | Reached skill level 5 in Fighting
  3490 | D:4      | Reached XP level 6. HP: 53/56 MP: 3/5
  3539 | D:4      | Found an ornate altar of the Wu Jian Council.
  3570 | D:4      | Identified the +6 flail of Enanir {vamp, Will++ Str+4
                  | Dex+4}
  3572 | D:4      | Found a shimmering blue altar of Sif Muna.
  3611 | D:4      | Reached *** piety under Trog
  3754 | D:4      | Found a runed translucent gate.
  3754 | D:4      | Found a runed translucent gate.
  3754 | D:4      | Found a runed translucent gate.
  3755 | D:4      | Noticed Peloso's ghost (amateur MiFi)
  3766 | D:4      | Killed Peloso's ghost
  3767 | D:4      | Reached XP level 7. HP: 61/61 MP: 4/6
  3958 | D:5      | Entered Level 5 of the Dungeon
  4381 | D:5      | Reached skill level 6 in Fighting
  4490 | D:5      | Found a staircase to the Ecumenical Temple.
  4529 | D:5      | Found a sacrificial altar of Ru.
  4882 | D:6      | Noticed a steam dragon
  4885 | D:6      | Killed a steam dragon
  4886 | D:6      | Reached XP level 8. HP: 71/71 MP: 5/7
  4918 | D:6      | Noticed a two-headed ogre
  4923 | D:6      | Killed a two-headed ogre
  4924 | D:6      | Reached skill level 7 in Fighting
  4924 | D:6      | Reached skill level 5 in Armour
  4924 | D:6      | Reached skill level 5 in Dodging
  5036 | D:6      | Found a runed translucent door.
  5036 | D:6      | Noticed Peloso's ghost (novice MiFi)
  5038 | D:6      | Reached XP level 9. HP: 81/81 MP: 8/8
  5047 | D:6      | Reached skill level 8 in Fighting
  5401 | D:6      | Killed Peloso's ghost
  5402 | D:6      | Reached skill level 10 in Axes
  5530 | D:7      | Noticed Harold
  5540 | D:7      | Killed Harold
  5541 | D:7      | Reached skill level 9 in Fighting
  5686 | D:7      | Found an opulent altar of Gozag.
  5985 | D:7      | Noticed a komodo dragon
  6003 | D:7      | Killed a komodo dragon
  6004 | D:7      | Reached XP level 10. HP: 86/93 MP: 4/9
  6152 | D:7      | Paralysed by a hornet for 3 turns
  6156 | D:7      | Paralysed by a hornet for 2 turns
  6159 | D:7      | Reached skill level 10 in Fighting
  6362 | D:7      | Noticed a two-headed ogre
  6367 | D:7      | Killed a two-headed ogre
  6546 | D:7      | Reached skill level 1 in Shields
  6555 | D:7      | Noticed a red ugly thing
  6555 | D:7      | Noticed a cyclops
  6555 | D:7      | Noticed a manticore
  6562 | D:7      | Reached skill level 11 in Fighting
  6568 | D:7      | Killed a red ugly thing
  6572 | D:7      | Killed a manticore
  6577 | D:7      | Killed a cyclops
  7052 | D:7      | Reached skill level 12 in Fighting
  7201 | D:8      | Reached XP level 11. HP: 104/104 MP: 10/10
  7333 | D:8      | Noticed a two-headed ogre
  7341 | D:8      | Killed a two-headed ogre
  7447 | D:8      | Noticed Pikel
  7463 | D:8      | Killed Pikel
  7769 | D:8      | Reached **** piety under Trog
  8187 | D:9      | Found a radiant altar of Vehumet.
  8557 | D:9      | Found a staircase to the Orcish Mines.
  8852 | D:10     | Entered Level 10 of the Dungeon
  9013 | D:10     | Reached skill level 13 in Fighting
  9013 | D:10     | Reached skill level 5 in Shields
  9316 | D:10     | Reached skill level 10 in Dodging
  9829 | D:10     | Found a runed translucent door.
  9834 | D:10     | Found a runed translucent door.
  9834 | D:10     | Noticed a yaktaur captain
  9835 | D:10     | Noticed an orc knight
  9837 | D:10     | Noticed a lich
  9838 | D:10     | Noticed a necromancer
  9839 | D:10     | Noticed DearestLeader's ghost (journeyman GnWn)
  9895 | D:10     | Noticed a two-headed ogre
  9900 | D:10     | Killed a two-headed ogre
 10234 | D:10     | Noticed a spark wasp
 10269 | D:10     | Noticed a great orb of eyes
 10279 | D:10     | Noticed an ice dragon
 10283 | D:10     | Killed an ice dragon
 10305 | D:10     | Slain by a lich

Illustrated notes

Levels and vault maps discovered:
D:1:      nicolae_arrival_somewhat_less_tricky_arrival, layout_basic,
          minmay_misc_feat_x
D:2:      layout_loops_ring, corexii_corridor_pit, uniq_robin
D:3:      minmay_recursive_quarters, layout_basic,
          mainiacjoe_overflow_tiny_flanked
D:4:      layout_rooms, nicolae_wu_jian_glorious_leap,
          nicolae_sif_muna_condensation, serial_shops, nicolae_shop_crystal,
          ebering_ghost_rock_garden
D:5:      layout_loops_cross, mainiacjoe_overflow_boulevard,
          minmay_temple_entry_tees
D:6:      layout_rooms, hellmonk_ghost_happy_afterlife
D:7:      minmay_the_grid_triangle_9x9_rhombus_full
          [minmay_the_grid_triangle_9x9_stretched_checkered,
          minmay_the_grid_triangle_9x9_corruption,
          minmay_the_grid_triangle_9x9_flanged_cone,
          minmay_the_grid_triangle_9x9_intruding_spiral,
          minmay_the_grid_triangle_9x9_semitri,
          minmay_the_grid_triangle_9x9_alien,
          minmay_the_grid_triangle_9x9_zippers_vertical,
          minmay_the_grid_triangle_9x9_prize_top_heavy], layout_gridville,
          nicolae_gozag_cash_rules_everything_around_me, uniq_harold
D:8:      layout_rooms, uniq_pikel
D:9:      layout_gridville, nicolae_overflow_crystal_walls, orc_0_dummy,
          hangedman_decor_opposing
D:10:     layout_grid_maze, muffindrake_ghost_dual_entry, minivault_10

Skill      XL: |  1  2  3  4  5  6  7  8  9 10 11 |
---------------+----------------------------------+-----
Axes           | 4 5 6 7 8 9 10 | 10.8
Fighting       | 4 5 6 7 9 12 13 | 13.3
Dodging        | 3 4 5 6 8 10 | 10.4
Armour         | 3 4 6 8 9 |  9.6
Shields        | 2 6 |  6.0

Action                   |  1- 3 |  4- 6 |  7- 9 | 10-12 || total
-------------------------+-------+-------+-------+-------++-------
Melee: Hand axe          |    72 |    68 |       |       ||   140
       Headbutt          |    11 |    13 |    19 |    57 ||   100
       Punch             |       |     5 |     1 |       ||     6
       Flail             |       |    14 |   109 |   236 ||   359
Invok: Berserk           |     1 |     5 |     8 |    10 ||    24
       Trog's Hand       |       |       |       |     1 ||     1
  Use: Scroll            |       |       |       |     6 ||     6
       Potion            |       |       |       |     1 ||     1
 Stab: Sleeping          |     2 |       |       |     1 ||     3
       Distracted        |       |     1 |       |     1 ||     2
Armor: Animal skin       |    14 |     5 |       |       ||    19
       Ring mail         |       |     8 |     9 |       ||    17
       Steam dragon scal |       |       |     8 |    86 ||    94
Dodge: Dodged            |    51 |    68 |    71 |   182 ||   372
Block: Kite shield       |       |       |     1 |   131 ||   132
